 Dungeon Crawl Stone Soup version 0.31-a0-365-gcf821cafb2 (webtiles) character file.

Game seed: 9089175836254604832

3 drugrobin the Sneak (level 1, -9/18 HPs)
             Began as a Demigod Delver on July 28, 2023.
             Killed by divine providence
             ... invoked by an orc priest
              (13 damage)
             ... on level 2 of the Dungeon.
             The game lasted 00:01:46 (189 turns).

drugrobin the Sneak (Demigod Delver)                 Turns: 189, Time: 00:01:47

Health: -9/18      AC:  6    Str: 13    XL:     1   Next: 33%
Magic:  3/3        EV:  9    Int: 12    God:
Gold:   4          SH:  0    Dex: 15    Spells: 0/0 levels left

rFire   . . .        a - +0 hand axe
rCold   . . .        (no shield)
rNeg    . . .        i - +0 scale mail
rPois   .            (no helmet)
rElec   .            (no cloak)
rCorr   .            (no gloves)
SInv    .            (no boots)
Will    .....        (no amulet)
Stlth   +            (no ring)
HPRegen 0.23/turn    (no ring)
MPRegen 0.08/turn

%: no passive effects
@: no status effects
A: high MP 1, forlorn, divine attributes
a: no special abilities


You were on level 2 of the Dungeon.
You visited 1 branch of the dungeon, and saw 4 of its levels.

You collected 4 gold pieces.

Inventory:

Hand Weapons
 a - a +0 hand axe (weapon)
Missiles
 j - 5 poisoned darts
Armour
 b - a +0 leather armour
 i - a +0 scale mail (worn)
Wands
 d - a wand of flame (17)
 g - a wand of digging (3)
Scrolls
 c - a scroll of fog
 e - a scroll of fear
Potions
 f - a potion of curing {unknown}
 h - a potion of degeneration {unknown}


   Skills:
 - Level 2.6 Fighting
 * Level 2.0 Axes
 - Level 1.7 Dodging
 - Level 4.5 Stealth
 + Level 0.2 Evocations


You couldn't memorise any spells.
You didn't know any spells.
Your spell library contained the following spells:

 Spells                   Type           Power      Damage    Failure   Level
 Summon Guardian Golem    Hex/Summ       0%         N/A       99%         3
 Orb of Destruction       Conj           0%         9d5       100%        7
 Spellforged Servitor     Conj/Summ      0%         N/A       100%        7


Dungeon Overview and Level Annotations

Branches:
Dungeon (5/15)             Temple (0/1) D:5

Annotations:
D:4 Bediveer's ghost, amateur DEHu


Innate Abilities, Weirdness & Mutations

You have an increased reservoir of magic. (+10% MP)
You shall have no god before yourself.
Your divine heritage dramatically boosts your attributes as you level up.


Message History

You hit the quokka.
You kill the quokka!
You see here a +0 leather armour.
A ball python comes into view.
A ball python comes into view.
Unknown command.
Unknown command.
You hit the ball python.
You kill the ball python!
Your Axes skill increases to level 2!
You now have 4 gold pieces.
There are no items here.
You see here 5 poisoned darts.
j - 5 poisoned darts The ball python hisses angrily.
The ball python bites you but does no damage.
The ball python grabs you. The ball python constricts you.
You closely miss the ball python. The ball python bites you.
The ball python constricts you.
You hit the ball python.
You kill the ball python!
An orc comes into view. It is wielding a +0 hand axe.
Found a stone staircase leading down.
An orc priest and an orc come into view.
The orc is wielding a +0 hand axe of flaming.
The orc shouts!
An orc priest comes into view. It is wielding a +0 mace.
The orc moves out of view.
Unknown command.
Unknown command.
Unknown command.
The orc priest shouts!
The orc shouts!
The orc priest shouts!
The orc priest calls down the wrath of Beogh upon you.
Beogh smites you!
Ouch! That really hurt!
* * * LOW HITPOINT WARNING * * *
The orc priest calls down the wrath of Beogh upon you.
Beogh smites you!
Ouch! That really hurt!
You die...

#..... .............
....### #...........#
###+#...# #...........#
......oo#####...........#
...###..o...............#
###................#
#.................#
######............#
##@.[........#
####...........#
#........#.....#
#..........._..# #
####....#......#### .
##8###8#....#.........# ^
............###.......##.
............# #####.#....
............# ##+##..#


You could see 2 orc priests and an orc.

Vanquished Creatures
  2 ball pythons (D:2)
  A quokka (D:2)
3 creatures vanquished.

Notes
Turn   | Place    | Note
-------+----------+-------------------------------------------
     0 | D:5      | drugrobin the Demigod Delver began the quest for the Orb.
     0 | D:5      | Reached XP level 1. HP: 18/18 MP: 3/3
     3 | D:5      | Found a staircase to the Ecumenical Temple.
     3 | D:5      | Noticed a jelly
    63 | D:4      | Noticed a jelly
    71 | D:4      | Noticed an ice beast
    72 | D:4      | Noticed Bediveer's ghost (amateur DEHu)
    79 | D:4      | Noticed an iguana
   183 | D:2      | Noticed an orc priest
   183 | D:2      | Noticed an orc priest
   189 | D:2      | Killed from afar by an orc priest

Illustrated notes

Levels and vault maps discovered:
D:2:      layout_basic, basic_altar, serial_corexii_hall,
          corexii_hall_statues_x, corexii_hall_statues_l,
          nicolae_kite_square_tiling_tiny
D:3:      layout_loops_ring
D:4:      layout_gridville, general_overflow_altar,
          mainiacjoe_overflow_brackets, gammafunk_ghost_icy
D:5:      layout_basic, minmay_temple_entry_statues_pillars

Skill      XL: |  1 |
---------------+----+-----
Axes           | 2 |  2.0
Fighting       | |  2.6
Dodging        | |  1.7
Stealth        | |  4.5
Evocations     | |  0.2

Action                     || total
---------------------------++-------
  Melee: Hand axe          ||     4
    Use: Scroll            ||     1
         Potion            ||     1
 Armour: Leather armour    ||     4
         Scale mail        ||     1
  Dodge: Dodged            ||     4

Table legend: (Time is in decaauts)
 A = Elapsed time spent in this place.
 B = Non-inter-level travel time spent in this place.
 C = Inter-level travel time spent in this place.
 D = Time resting spent in this place.
 E = Time spent auto-exploring this place.
 F = Levels seen in this place.
 G = Mean time per level.
                   A        B        C        D        E       F      G
               +--------+--------+--------+--------+--------+-----+--------+
         Total |    169 |    169 |      0 |      0 |      0 |   4 |   42.2 |
       Dungeon |    169 |    169 |      0 |      0 |      0 |   4 |   42.2 |
               +--------+--------+--------+--------+--------+-----+--------+

Top non-repeatable levels by time:
     D:2: 84 daAuts
     D:5: 46 daAuts
     D:4: 35 daAuts
     D:3: 4 daAuts
